 Dungeon Crawl Stone Soup version 0.22-a0-161-g198051c (webtiles) character file.

210 Gorglomux the Skirmisher (level 5, -6/41 HPs)
             Began as a Mummy Arcane Marksman on Feb 12, 2018.
             Mangled by an orc wizard
             ... wielding a +2 dagger of electrocution
              (10 damage)
             ... on level 3 of the Dungeon.
             The game lasted 00:10:40 (3828 turns).

Gorglomux the Skirmisher (Mummy Arcane Marksman)    Turns: 3828, Time: 00:10:42

Health: -6/41      AC:  5    Str: 15    XL:     5   Next: 57%
Magic:  5/7        EV: 11    Int: 12    God:
Gold:   70         SH:  0    Dex: 12    Spells: 5/6 levels left

rFire    x . .     SeeInvis .   a - +0 hunting sling
rCold    + . .     Gourm    .   (no shield)
rNeg     + + +     Faith    .   j - +0 ring mail
rPois    ∞         Spirit   .   (no helmet)
rElec    .         Reflect  .   (no cloak)
rCorr    .         Harm     .   (no gloves)
MR       .....                  (no boots)
Stlth    ++........             (no amulet)
HPRegen  0.13/turn              l - ring of wizardry
MPRegen  0.10/turn              (no ring)

@: no status effects
A: no food or potions, fire vulnerability, cold resistance 1, negative energy
resistance 3, torment resistance, unbreathing
a: no special abilities


You were on level 3 of the Dungeon.
You were not hungry.

You visited 1 branch of the dungeon, and saw 3 of its levels.

You collected 70 gold pieces.

Inventory:

Hand Weapons
 a - a +0 hunting sling (weapon)
 b - a +0 spear
 i - a +0 mace
Missiles
 d - 16 sling bullets
 g - 20 stones (quivered)
Armour
 j - a +0 ring mail (worn)
Jewellery
 l - a ring of wizardry (left hand)
 o - an uncursed ring of magical power {unknown}
Scrolls
 f - 2 scrolls of enchant weapon {unknown}
 h - a scroll of remove curse {unknown}
 k - 3 scrolls of identify {unknown}
 m - a scroll of fog {unknown}
 n - 2 scrolls of blinking {unknown}
 p - a scroll of immolation {unknown}
Books
 c - a book of Debilitation

   Spells                             Type                      Level
   a - Corona                         Hexes                        1
   b - Slow                           Hexes                        2
   c - Inner Flame                    Hexes/Fire                   3
   d - Portal Projectile              Hexes/Translocation          3
   e - Cause Fear                     Hexes                        4
   f - Leda's Liquefaction            Hexes/Earth                  4


   Skills:
 - Level 3.2 Fighting
 - Level 1.5 Slings
 + Level 2.6 Dodging
 - Level 3.1 Stealth
 - Level 1.3 Spellcasting
 - Level 2.6 Hexes


You had 5 spell levels left.
You knew the following spells:

 Your Spells              Type           Power        Failure   Level  Hunger
a - Corona                Hex            #......      8%          1    N/A

Dungeon Overview and Level Annotations

Branches:
Dungeon (3/15)

Altars:
Nemelex Xobeh
Okawaru


Innate Abilities, Weirdness & Mutations

You do not eat or drink.
Your flesh is vulnerable to fire.
You are immune to poison.
Your flesh is cold resistant. (rC+)
You are immune to negative energy. (rN+++)
You are immune to unholy pain and torment.
You can survive without breathing.


Message History

Aim: an orc wizard, wielding a dagger of electrocution, wearing a robe and wearing a dented silver amulet (almost dead, softly glowing, slightly transparent)
You shoot a stone! The butt wizard barely misses butt!
Firing (i - inventory! (/) - cycle) butt - 21 stones (quivered)
Press: ? - help, Shift-Dir - straight line, f/butt - orc wizard
Aim: an orc wizard, wielding a dagger of electrocution, wearing a robe and wearing a dented silver amulet (almost dead, softly glowing, slightly butt)
You shoot a stone!
The orc wizard hits you but does no butt!
You are electrocuted!!! * * * don't die
* * * You can't drink!
Unknown command!
You're too butt to move!!!
You bump into the rock wall!
You feel less confused!
The orc throws a stone!
The stone hits you but does butt damage!
The orc wizard hits you with a dagger of electrocution! * * * don't die
* * * You are butt!!! rip

######.##.###..#
##≈.≈.#
#.##.###..###.≈.≈##
#.....##....##≈.≈.#
####....)...#.≈.≈##
#.####.####≈.≈.#
#.# ##(## ##'###
..###...####.##
####.(..o(oo(o.#
#.#.(@####(.#
#.##.## #..# # #.#
#.(# #.# #o.# #.#
##o# #.. #o#
###.####(##
#.....((.#
...####o.#


You could see an orc priest, an orc wizard (invisible) and 2 orcs.

Vanquished Creatures
  2 orc priests
  A worker ant (D:3)
  A gnoll (D:3)
  4 adders
  An ooze (D:1)
  A worm (D:2)
  2 dart slugs
  2 leopard geckos
  9 orcs
  5 giant cockroaches
  3 goblins
  6 hobgoblins
  2 quokkas (D:2)
  7 bats
  3 frilled lizards (D:1)
  12 kobolds
  3 rats
64 creatures vanquished.

Notes
Turn   | Place    | Note
-------+----------+-------------------------------------------
     0 | D:1      | Gorglomux the Mummy Arcane Marksman began the quest for the Orb.
     0 | D:1      | Reached XP level 1. HP: 15/15 MP: 2/2
   213 | D:1      | Reached skill level 1 in Stealth
   267 | D:1      | Reached XP level 2. HP: 11/21 MP: 2/4
  1080 | D:1      | Reached XP level 3. HP: 18/26 MP: 5/5
  1588 | D:2      | Found a sparkling altar of Nemelex Xobeh.
  1630 | D:2      | Reached skill level 3 in Stealth
  1749 | D:2      | Reached XP level 4. HP: 32/32 MP: 4/6
  2855 | D:2      | Reached skill level 3 in Fighting
  2855 | D:2      | Reached XP level 5. HP: 22/41 MP: 3/7
  3765 | D:3      | Found an iron altar of Okawaru.
  3828 | D:3      | Mangled by an orc wizard

Vault maps used:
D:1:      minmay_arrival_widening_spiral_wide
D:2:      nemelex_xobeh_ov_fountains_minmay
D:3:      okawaru_altar_gauntlet_db, kennysheep_slug_shrine, st_stairs_10

Skill      XL: |  1  2  3  4  5 |
---------------+----------------+-----
Stealth        | 1 2 3 |  3.1
Fighting       | 3 |  3.2
Dodging        | 2 |  2.6
Slings         | |  1.5
Spellcasting   | |  1.3
Hexes          | |  2.6

Action                   |  1- 3 |  4- 6 || total
-------------------------+-------+-------++-------
Melee: Unarmed           |     4 |       ||     4
       Short sword       |    33 |    11 ||    44
       Spear             |       |    80 ||    80
 Fire: Hunting sling     |    95 |    83 ||   178
Throw: Stone             |     3 |       ||     3
 Cast: Corona            |    22 |    25 ||    47
 Stab: Distracted        |       |     1 ||     1
Armor: Robe              |     9 |       ||     9
       Ring mail         |    14 |    56 ||    70
Dodge: Dodged            |    49 |    90 ||   139

Table legend:
 A = Spawn XP
 B = Non-spawn XP
 C = Spawn XP percentage of total XP
 D = Spawn monster count
 E = Non-spawn monster count
 F = Spawn count percentage of total count
 G = Total turns spent on level
                    A         B        C        D         E        F      G
               +---------+---------+-------+---------+---------+-------+---------
         Total |       0 |     301 |   0.0 |       0 |      64 |   0.0 |  3828
               +---------+---------+-------+---------+---------+-------+---------
           D:1 |       0 |      41 |   0.0 |       0 |      20 |   0.0 |  1249
           D:2 |       0 |     122 |   0.0 |       0 |      22 |   0.0 |  1541
           D:3 |       0 |     138 |   0.0 |       0 |      22 |   0.0 |  1038
               +---------+---------+-------+---------+---------+-------+---------
